 Dungeon Crawl Stone Soup version 0.23.0 (webtiles) character file.

Game seed: 15936946290942921016

8689 HEYYEYAAE the Quickloader (level 11, -1/81 HPs)
             Began as an Octopode Hunter on Feb 16, 2019.
             Was a Priest of Okawaru.
             Slain by a yak (14 damage)
             ... on level 9 of the Dungeon.
             The game lasted 00:17:21 (11489 turns).

HEYYEYAAE the Quickloader (Octopode Hunter)        Turns: 11489, Time: 00:17:22

Health: -1/81      AC:  1    Str: 16    XL:     11   Next: 34%
Magic:  11/11      EV: 20    Int: 13    God:    Okawaru [***...]
Gold:   556        SH:  0    Dex: 15    Spells: 5/10 levels left

rFire    . . .     SeeInvis .   b - +2 dagger (drain)
rCold    . . .     Gourm    .   (no shield)
rNeg     . . .     Faith    .   (helmet restricted)
rPois    .         Spirit   .   (no amulet)
rElec    .         Reflect  .   q - +3 ring of strength
rCorr    +         Harm     .   F - ring of resist corrosion
MR       .....                  (no ring)
Stlth    +++.......             (no ring)
HPRegen  0.23/turn              (no ring)
MPRegen  0.12/turn              (no ring)
                                (no ring)
                                (no ring)

@: no status effects
A: almost no armour, stealthy swim, amphibious, 8 rings, constrict 8, camouflage
1, gelatinous body 1
a: Heroism, Renounce Religion


You were on level 9 of the Dungeon.
You worshipped Okawaru.
Okawaru was most pleased with you.
You were not hungry.

You visited 2 branches of the dungeon, and saw 11 of its levels.

You collected 556 gold pieces.

Inventory:

Hand Weapons
 a - a +4 hand crossbow
 b - a +2 dagger of draining (weapon)
 k - a +0 short sword
 l - a +0 hand axe of distortion
Missiles
 c - 19 bolts
Jewellery
 q - a +3 ring of strength (left tentacle)
 F - a ring of resist corrosion (right tentacle)
Wands
 E - a wand of random effects (19)
Scrolls
 e - 4 scrolls of fog
 f - 8 scrolls of remove curse
 i - a scroll of teleportation
 r - a scroll of noise
 y - 3 scrolls of amnesia
 B - 2 scrolls of enchant armour
Potions
 j - 2 potions of heal wounds
 o - 3 potions of lignification
 p - 3 potions of curing
 s - a potion of brilliance
 t - a potion of berserk rage
 u - a potion of magic {unknown}
 w - a potion of mutation {unknown}
 x - a potion of flight {unknown}
 z - a potion of resistance
 A - a potion of ambrosia {unknown}
 C - 2 potions of might {unknown}
 D - a potion of cancellation {unknown}
Comestibles
 d - 32 rations
 g - 8 chunks of flesh


   Skills:
 + Level 9.7 Fighting
 + Level 10.3 Crossbows
 + Level 9.7 Dodging
 - Level 1.3 Stealth
 + Level 3.7 Charms
 + Level 3.6 Translocations


You had 5 spell levels left.
You knew the following spells:

 Your Spells              Type           Power        Failure   Level  Hunger
a - Blink                 Tloc           N/A          11%         2    ###....
b - Ozocubu's Armour      Chrm/Ice       #.......     41%         3    ####...

Your spell library contained the following spells:

 Spells                   Type           Power        Failure   Level  Hunger
 Apportation              Tloc           #.....       7%          1    ##.....
 Animate Skeleton         Necr           N/A          30%         1    ##.....
 Confusing Touch          Hex            #.....       30%         1    ##.....
 Corona                   Hex            #......      30%         1    ##.....
 Freeze                   Ice            #...         30%         1    ##.....
 Magic Dart               Conj           #...         30%         1    ##.....
 Summon Small Mammal      Summ           #...         30%         1    ##.....
 Call Imp                 Summ           #.......     43%         2    ###....
 Ensorcelled Hibernation  Hex/Ice        #.....       43%         2    ###....
 Slow                     Hex            #.......     43%         2    ###....
 Throw Frost              Conj/Ice       #.....       43%         2    ###....
 Confuse                  Hex            #.......     67%         3    ####...
 Conjure Flame            Conj/Fire      #.......     67%         3    ####...
 Dazzling Spray           Conj/Hex       #.....       67%         3    ####...
 Mephitic Cloud           Conj/Pois/Air  #.......     67%         3    ####...
 Tukima's Dance           Hex            #.......     67%         3    ####...
 Summon Ice Beast         Ice/Summ       #.......     97%         4    #####..
 Throw Icicle             Conj/Ice       #.......     97%         4    #####..


Dungeon Overview and Level Annotations

Branches:
Dungeon (10/15)            Temple (1/1) D:6
   Lair: D:8-11         Orc: D:9-12

Altars:
Ashenzari
Cheibriados
Dithmenos
Elyvilon
Fedhas
Gozag
Hepliaklqana
Kikubaaqudgha
Makhleb
Nemelex Xobeh
Okawaru
Qazlal
Ru
Sif Muna
Trog
Uskayaw
Vehumet
Wu Jian
Xom
Yredelemnul
Zin
The Shining One

Portals:
Trove: D:10 (give horn of Geryon)

Annotations:
D:4 Uhlv's ghost, novice TrBe
D:9 5 runed translucent doors
D:10 Maurice


Innate Abilities, Weirdness & Mutations

You cannot wear most types of armour.
You are very stealthy in the water. (Stealth+)
You are amphibious.
You can wear up to eight rings at the same time.
You can use your tentacles to constrict eight enemies at once.
Your skin changes colour to match your surroundings (Stealth+).
Your rubbery body absorbs attacks. (AC +1, EV +1)


Message History

Items here: ( )) [ ÷ a +0 club; a +0 leather armour; a +0 club; a stone; an orc skeleton The yak gores you.
* * * LOW HITPOINT WARNING * * *
Things that are here:
a +0 dire flail; a +0 chain mail You see here 4 poisoned needles.
Items here: ( ) [ ÷÷ a +0 long sword; a +0 plate armour; 2 stones; a hippogriff skeleton an orc skeleton The orc jeers noisily, in orcish tradition.
There is a stone staircase leading up here.
The yak misses you.
You climb upwards.
Level annotation: 5 runed translucent doors
There is a stone staircase leading down here.
You closely miss the yak. Your squeeze misses the yak. The yak gores you!
* * * LOW HITPOINT WARNING * * *
You barely miss the yak. The yak gores you!
You die...

##############......
#.......#...#......
#.......#...#......
#.......#..........
#......##...#......
#......##...##.....
#............#.....
#......##....#.....
#.@....##....#.....
#Y.....####'##.....
#......#...........
#......#...........
#......#...........
#......#...........
#......#...........
#########...........
#...(...............


You could see a yak.

Vanquished Creatures
  2 two-headed ogres
  An unseen horror (D:10)
  Prince Ribbit (D:6)
  Grinder (D:5)
  5 hippogriffs
  A spriggan (D:8)
  A yak (D:10)
  Eustachio (D:6)
  A black bear (D:6)
  An ice beast (D:8)
  4 orc warriors
  3 phantoms
  2 hornet zombies
  3 necrophages
  3 ogres
  6 centaurs
  4 big kobolds
  5 bullfrogs
  13 killer bees
  3 wights (D:6)
  4 crimson imps
  2 howler monkeys
  4 bullfrog zombies
  A quasit (D:10)
  4 centaur zombies
  4 jellies
  5 orc priests
  10 orc wizards
  2 bullfrog skeletons
  6 hounds
  2 iguanas
  Terence (D:2)
  10 worker ants
  2 hound skeletons
  2 worker ant zombies
  8 adders
  A shadow imp (D:6)
  2 oozes
  2 adder skeletons (D:4)
  5 worms
  3 dart slugs
  3 leopard geckos
  24 orcs
  4 giant cockroaches
  10 goblins
  6 hobgoblins
  12 jackals
  7 quokkas
  5 ball pythons
  5 bats
  8 frilled lizards
  26 kobolds
  A quokka skeleton (D:9)
  9 rats
261 creatures vanquished.

Vanquished Creatures (collateral kills)
  4 orcs
4 creatures vanquished.

Vanquished Creatures (others)
  2 orcs (D:6)
2 creatures vanquished.

Grand Total: 267 creatures vanquished

Notes
Turn   | Place    | Note
-------+----------+-------------------------------------------
     0 | D:1      | HEYYEYAAE the Octopode Hunter began the quest for the Orb.
     0 | D:1      | Reached XP level 1. HP: 14/14 MP: 1/1
   107 | D:1      | Reached XP level 2. HP: 19/19 MP: 2/2
   540 | D:1      | Reached XP level 3. HP: 25/25 MP: 3/3
   739 | D:2      | Noticed Terence
   754 | D:2      | Killed Terence
   754 | D:2      | Reached XP level 4. HP: 3/31 MP: 4/4
  1617 | D:2      | Reached XP level 5. HP: 36/36 MP: 5/5
  1763 | D:3      | Found a bloodstained altar of Trog.
  1896 | D:3      | Found a snail-covered altar of Cheibriados.
  2038 | D:3      | Found a glowing silver altar of Zin.
  2453 | D:4      | Reached skill level 5 in Crossbows
  2613 | D:4      | Reached XP level 6. HP: 36/43 MP: 6/6
  2949 | D:4      | Found a runed translucent door.
  3387 | D:4      | Noticed Uhlv's ghost (novice TrBe)
  3417 | D:5      | Entered Level 5 of the Dungeon
  3430 | D:5      | Reached XP level 7. HP: 40/49 MP: 7/7
  3485 | D:5      | Reached skill level 6 in Crossbows
  3612 | D:5      | Noticed Grinder
  3626 | D:5      | Paralysed by Grinder for 3 turns
  3629 | D:5      | Killed Grinder
  3629 | D:5      | Reached skill level 5 in Fighting
  3629 | D:5      | Reached skill level 5 in Dodging
  3629 | D:5      | Reached XP level 8. HP: 55/55 MP: 8/8
  3778 | D:5      | Found a white marble altar of Elyvilon.
  3851 | D:5      | You fall through a shaft for 3 floors!
  3980 | D:8      | Reached skill level 7 in Crossbows
  3994 | D:8      | Noticed a hippogriff
  4003 | D:8      | HP: 2/56 [hippogriff (8)]
  4004 | D:8      | Killed a hippogriff
  4626 | D:6      | Reached XP level 9. HP: 58/62 MP: 9/9
  4686 | D:6      | Found a staircase to the Ecumenical Temple.
  4699 | Temple   | Entered the Ecumenical Temple
  4834 | Temple   | Became a worshipper of Warmaster Okawaru
  4892 | D:6      | Noticed Prince Ribbit
  5305 | D:6      | Reached skill level 8 in Crossbows
  5337 | D:6      | Killed Prince Ribbit
  5408 | D:6      | Noticed Eustachio
  5450 | D:6      | Killed Eustachio
  6245 | D:5      | Reached * piety under Okawaru
  7205 | D:8      | Reached skill level 9 in Crossbows
  7205 | D:8      | Reached XP level 10. HP: 35/70 MP: 10/10
  7414 | D:9      | Noticed a two-headed ogre
  7428 | D:9      | Killed a two-headed ogre
  7794 | D:9      | Reached ** piety under Okawaru
  7964 | D:9      | Learned a level 2 spell: Blink
  7968 | D:9      | Learned a level 3 spell: Ozocubu's Armour
  8022 | D:9      | Found a sparkling altar of Nemelex Xobeh.
  8022 | D:9      | Found a shattered altar of Ashenzari.
  8023 | D:9      | Found an ancient bone altar of Kikubaaqudgha.
  8041 | D:8      | Noticed a two-headed ogre
  8085 | D:9      | Reached skill level 1 in Charms
  8102 | D:9      | Reached skill level 1 in Translocations
  8571 | D:9      | Found a runed translucent gate.
  8571 | D:9      | Found a runed translucent gate.
  8698 | D:9      | Found a runed translucent gate.
  8704 | D:9      | Found a runed translucent door.
  8987 | D:9      | Found the +9 staff of Olgreb {rPois}
  9418 | D:9      | Found a runed translucent door.
 10086 | D:8      | Reached skill level 10 in Crossbows
 10197 | D:8      | You fall through a shaft!
 10363 | D:8      | Reached XP level 11. HP: 80/80 MP: 11/11
 10508 | D:8      | Killed a two-headed ogre
 10508 | D:8      | Reached *** piety under Okawaru
 10715 | D:10     | Entered Level 10 of the Dungeon
 10727 | D:10     | Killed an unseen horror
 11017 | D:10     | Found a portal to a secret trove of treasure.
 11062 | D:10     | Received a gift from Okawaru
 11462 | D:10     | Noticed Maurice
 11489 | D:9      | Slain by a yak

Skill      XL: |  1  2  3  4  5  6  7  8  9 10 11 |
---------------+----------------------------------+-----
Fighting       | 3 4 5 6 8 9 |  9.7
Dodging        | 3 4 5 6 8 9 |  9.7
Crossbows      | 5 6 7 9 10 | 10.3
Charms         | 2 3 |  3.7
Translocations | 2 3 |  3.6
Stealth        | |  1.3

Action                   |  1- 3 |  4- 6 |  7- 9 | 10-12 || total
-------------------------+-------+-------+-------+-------++-------
Melee: Dagger            |     3 |   127 |   131 |   228 ||   489
       Tentacles         |     2 |    26 |    37 |    62 ||   127
       Constrict         |     1 |    33 |    32 |    35 ||   101
 Fire: Hand crossbow     |    66 |    21 |   139 |   131 ||   357
Evoke: Wand              |       |       |    18 |    37 ||    55
  Use: Potion            |       |     2 |     1 |     6 ||     9
       Scroll            |       |       |    11 |     6 ||    17
 Stab: Sleeping          |       |     5 |     1 |       ||     6
       Paralysed         |       |       |       |    16 ||    16
       Distracted        |       |       |       |     1 ||     1
  Eat: Chunk             |       |     8 |    11 |     7 ||    26
       Ration            |       |       |       |     2 ||     2
Armor: Skin              |       |    11 |     8 |    11 ||    30
Dodge: Dodged            |    18 |    96 |   179 |   337 ||   630
